 Dungeon Crawl Stone Soup version 0.28-a0-919-g0b5b508569 (webtiles) character file.

Game seed: 12718237516438501965

36 timneilson the Covered (level 3, -1/23 HPs)
             Began as a Gargoyle Fighter on Nov 25, 2021.
             Slain by an iguana (7 damage)
             ... on level 3 of the Dungeon.
             The game lasted 00:02:10 (1870 turns).

timneilson the Covered (Gargoyle Fighter)           Turns: 1870, Time: 00:02:11

Health: -1/23      AC: 10    Str: 20    XL:     3   Next: 37%
Magic:  3/3        EV:  9    Int:  8    God:
Gold:   129        SH:  4    Dex:  9    Spells: 2/2 levels left

rFire   . . .      SeeInvis .   a - +0 long sword
rCold   . . .      Faith    .   c - +0 buckler
rNeg    + . .      Spirit   .   b - +0 scale mail
rPois   ∞          Reflect  .   (no helmet)
rElec   +          Harm     .   (no cloak)
rCorr   .          Rampage  .   (no gloves)
Will    .....                   (no boots)
Stlth   ..........              (no amulet)
HPRegen 0.07/turn               (no ring)
MPRegen 0.08/turn               (no ring)

@: no status effects
A: sickness immunity, AC +3, negative energy resistance 1, electricity
resistance, torment resistance 1, petrification resistance
a: no special abilities


You were on level 3 of the Dungeon.
You visited 1 branch of the dungeon, and saw 3 of its levels.

You collected 129 gold pieces.

Inventory:

Hand Weapons
 a - a +0 long sword (weapon)
Armour
 b - a +0 scale mail (worn)
 c - a +0 buckler (worn)
Scrolls
 e - a scroll of teleportation
Potions
 d - a potion of might
 f - a potion of cancellation


   Skills:
 + Level 3.4 Fighting
 * Level 2.3 Long Blades
 * Level 3.8 Armour
 + Level 0.3 Dodging
 * Level 3.7 Shields


You had 2 spell levels left.
You didn't know any spells.
Your spell library was empty.

Dungeon Overview and Level Annotations

Branches:
Dungeon (3/15)

Altars:


Innate Abilities, Weirdness & Mutations

You are immune to sickness and miasma.
Your stone body is resilient. (AC +3)
You are immune to poison.
You resist negative energy. (rN+)
You are resistant to electric shocks. (rElec)
You are resistant to unholy torment.
You are immune to petrification.


Message History

You drop a potion of degeneration.
Your surroundings suddenly seem different.
Drop what? 7/52 slots (_ for help) (? for menu, Esc to quit)
You drop an amulet of magic regeneration.
You see here a bat corpse.
There is a stone staircase leading up here.
There is a stone staircase leading down here.
Search for what [? for help]? armor You climb downwards.
Found a scroll labelled OPRA MIDUNEI and 9 gold pieces.
There is a stone staircase leading up here.
You now have 129 gold pieces (gained 9).
An iguana comes into view.
You barely miss the iguana. The iguana closely misses you.
The iguana misses you.
You hit the iguana.
The iguana is moderately wounded.
The iguana bites you but does no damage.
You hit the iguana.
The iguana is moderately wounded.
You block the iguana's attack.
You closely miss the iguana.
The iguana is moderately wounded.
The iguana hisses menacingly.
The iguana bites you. The iguana closely misses you.
You barely miss the iguana.
The iguana is moderately wounded.
The iguana bites you but does no damage.
You closely miss the iguana.
The iguana is moderately wounded.
The iguana barely misses you.
You hit the iguana but do no damage.
The iguana is moderately wounded.
The iguana bites you!
You slash the iguana!
The iguana is severely wounded.
The iguana bites you.
* * * LOW HITPOINT WARNING * * *
The iguana bites you!
You die...

..... ....$.. .....#
...... ...... ....
....# #..#+## #..#
#.....#
#######..####.....#
...............$..#
#................#
#........###...@l#
#........###...........
#.....<................
#..........#..#.####.#.
#..........#..#.# #
............#..#.#
#####.#.#.?.#..#.#
.............#
...#.#.#....


You could see an iguana.

Vanquished Creatures
  2 worms (D:2)
  A dart slug (D:2)
  3 ball pythons (D:1)
  2 endoplasms (D:2)
  A giant cockroach (D:2)
  A goblin (D:2)
  3 hobgoblins (D:2)
  2 kobolds
  3 quokkas
  3 bats
  A frilled lizard (D:2)
  3 rats (D:2)
25 creatures vanquished.

Notes
Turn   | Place    | Note
-------+----------+-------------------------------------------
     0 | D:1      | timneilson the Gargoyle Fighter began the quest for the
                  | Orb.
     0 | D:1      | Reached XP level 1. HP: 14/14 MP: 1/1
   280 | D:1      | Reached XP level 2. HP: 18/19 MP: 2/2
   311 | D:1      | Found a faded altar of an unknown god.
  1093 | D:2      | Reached XP level 3. HP: 15/23 MP: 3/3
  1870 | D:3      | Slain by an iguana

Illustrated notes

Levels and vault maps discovered:
D:1:      dpeg_arrival_ternary, layout_rooms, nicolae_ecumenical_lake_church
D:2:      layout_basic, minmay_misc_feat_roman, minmay_puff
D:3:      layout_basic, old_standard_altar

Skill      XL: |  1 |
---------------+----+-----
Long Blades    | 2 |  2.3
Fighting       | |  3.4
Armour         | |  3.8
Dodging        | |  0.3
Shields        | |  3.7

Action                   || total
-------------------------++-------
Melee: Long sword        ||    94
  Use: Scroll            ||     5
Armor: Scale mail        ||    72
Dodge: Dodged            ||    45
Block: Buckler           ||    23

Table legend: (Time is in decaauts)
 A = Elapsed time spent in this place.
 B = Non-inter-level travel time spent in this place.
 C = Inter-level travel time spent in this place.
 D = Time resting spent in this place.
 E = Time spent auto-exploring this place.
 F = Levels seen in this place.
 G = Mean time per level.
                   A        B        C        D        E       F      G
               +--------+--------+--------+--------+--------+-----+--------+
         Total |   1899 |   1840 |     59 |      0 |   1579 |   3 |  633.0 |
       Dungeon |   1899 |   1840 |     59 |      0 |   1579 |   3 |  633.0 |
               +--------+--------+--------+--------+--------+-----+--------+

Top non-repeatable levels by time:
     D:2: 1142 daAuts
     D:1: 736 daAuts
     D:3: 20 daAuts
